 Dungeon Crawl Stone Soup version 0.30.1-3-gfc49f6343a (webtiles) character file.

Game seed: 16913309009816536612

24 H0rd4k the Charlatan (level 3, 23/23 HPs)
             Began as an Octopode Artificer on July 26, 2023.
             Was a Follower of Makhleb.
             Quit the game on level 1 of the Dungeon.
             The game lasted 00:00:40 (396 turns).

H0rd4k the Charlatan (Octopode Artificer)            Turns: 396, Time: 00:00:41

Health: 23/23      AC:  1    Str: 11    XL:     3   Next: 2%
Magic:  3/3        EV: 13    Int: 15    God:    Makhleb [*.....]
Gold:   41         SH:  0    Dex: 12    Spells: 2/2 levels left

rFire   . . .        (no weapon)
rCold   . . .        (no shield)
rNeg    . . .        (helmet restricted)
rPois   .            (no amulet)
rElec   .            (no ring)
rCorr   .            (no ring)
SInv    .            (no ring)
Will    .....        (no ring)
Stlth   +++          (no ring)
HPRegen 0.23/turn    (no ring)
MPRegen 0.08/turn    (no ring)
                     (no ring)

%: no passive effects
@: no status effects
A: almost no armour, amphibious, 8 rings, camouflage 1, gelatinous body 1,
(nimble swimmer 1), tentacles
a: Renounce Religion


You were on level 1 of the Dungeon.
You worshipped Makhleb.
Makhleb was aware of your devotion.
You visited 1 branch of the dungeon, and saw 1 of its levels.

You collected 41 gold pieces.

Inventory:

Jewellery
 e - an amulet of faith
Wands
 b - a wand of flame (15) (quivered)
 c - a wand of charming (15)
 d - a wand of iceblast (5)
Scrolls
 a - a scroll of fog {unknown}
Potions
 f - a potion of heal wounds {unknown}


   Skills:
 + Level 1.0 Fighting
 + Level 2.6 Dodging
 + Level 1.7 Stealth
 + Level 0.3 Unarmed Combat
 + Level 4.1 Evocations


You had 2 spell levels left.
You didn't know any spells.
Your spell library was empty.

Dungeon Overview and Level Annotations

Branches:
Dungeon (1/15)

Altars:
Makhleb


Innate Abilities, Weirdness & Mutations

You cannot wear most types of armour.
You are amphibious.
You can wear up to eight rings at the same time.
Your skin changes colour to match your surroundings (Stealth+).
Your rubbery body absorbs attacks. (AC +1, EV +1)
((You are camouflaged when in or above water. (Stealth+)))
You have tentacles for arms and can constrict up to eight enemies at once.


Message History

You kill the goblin!
You have reached level 3!
Your experience leads to an increase in your attributes!
Increase (S)trength, (I)ntelligence, or (D)exterity?
You feel clever. x2
a - a scroll labelled IPTINO YMOE You now have 39 gold pieces (gained 26).
Items here: )) ††.
You enter the shallow water.
There is a faded altar of an unknown god here.
This altar belongs to (a) Uskayaw, (b) Zin or (c) Makhleb, but you can't tell which.
Press the corresponding letter to learn more about a god, or press enter to convert or escape to cancel.
Makhleb accepts your prayer! Makhleb welcomes you!
You can now gain health from killing.
Unknown command.
Press < or > to pray at altars.
You enter the shallow water.
You now have 40 gold pieces (gained 1).
A rat comes into view.
You see here a gold piece.
A rat is nearby!
The rat bites you.
You tentacle-slap the rat but do no damage.
You grab the rat. You constrict the rat.
You kill the rat!
Makhleb accepts your kill.
You see here a rat corpse.
You enter the shallow water.
You now have 41 gold pieces (gained 1).
Items here: )) ††.
f - a brown potion You see here 3 stones.
There is an open door here.
Found a stone staircase leading down.
Are you sure you want to abandon this character and quit the game? (Confirm with "yes".)
Okay, then.
Welcome back, H0rd4k the Octopode Artificer.
Blood and souls for Makhleb!
Press ? for a list of commands and other information.
Are you sure you want to abandon this character and quit the game? (Confirm with "yes".)

♣♣♣.P...♣♣ ♣......♣♣ ###
♣...♣P..♣ ..#♣♣..♣♣PPP♣
#.♣...♣♣#♣P.♣
#..P(P♣..#♣♣♣ #.♣.P.♣..#
#...♣♣...##############.
.....+...'......@......>
#.####...##############.
######...###
###........#
.##.....÷..#
.##........# #..
.'.........# ###..#
.#.......### ....#
.##......######.#..####
##


There were no monsters in sight!

Vanquished Creatures
  A gnoll (D:1)
  3 ball pythons (D:1)
  2 endoplasms (D:1)
  A giant cockroach (D:1)
  A goblin (D:1)
  2 jackals (D:1)
  2 kobolds (D:1)
  2 rats (D:1)
14 creatures vanquished.

Notes
Turn   | Place    | Note
-------+----------+-------------------------------------------
     0 | D:1      | H0rd4k the Octopode Artificer began the quest for the Orb.
     0 | D:1      | Reached XP level 1. HP: 13/13 MP: 1/1
   154 | D:1      | Reached XP level 2. HP: 18/18 MP: 2/2
   262 | D:1      | Found a faded altar of an unknown god.
   270 | D:1      | Reached skill level 4 in Evocations
   272 | D:1      | Reached XP level 3. HP: 11/23 MP: 3/3
   277 | D:1      | Prayed at the altar of an unknown god.
   277 | D:1      | Became a worshipper of Makhleb the Destroyer
   277 | D:1      | Reached * piety under Makhleb
   396 | D:1      | Quit the game

Illustrated notes

Levels and vault maps discovered:
D:1:      spicycebolla_green_bress_n_ham, layout_basic, serial_forest,
          infiniplex_forest_side_room, infiniplex_forest_end_3,
          infiniplex_forest_split, infiniplex_forest_corner_1,
          infiniplex_forest_clump_tiny, infiniplex_forest_lined_room_2,
          infiniplex_forest_corner_1, infiniplex_forest_clump_small,
          hellmonk_ecumenical_altar_pennies_from_heaven,
          minmay_misc_feat_enclosed

Skill      XL: |  1  2 |
---------------+-------+-----
Evocations     | 4 |  4.1
Fighting       | |  1.0
Dodging        | |  2.6
Stealth        | |  1.7
Unarmed Combat | |  0.3

Action                     || total
---------------------------++-------
  Melee: Unarmed           ||    33
         Constrict         ||    11
         Tentacles         ||    13
         Punch             ||     1
   Stab: Sleeping          ||     3
 Armour: Skin              ||     2
  Dodge: Dodged            ||    19
